 Dungeon Crawl Stone Soup version 0.19.0-19-g8c6edcc (webtiles) character file.

28 Gargoyl the Skirmisher (level 3, 29/29 HPs)
             Began as a Demonspawn Abyssal Knight on Nov 12, 2016.
             Was a Follower of Lugonu.
             Quit the game on level 1 of the Dungeon.
             The game lasted 00:01:42 (1068 turns).

Gargoyl the Skirmisher (Demonspawn Abyssal Knight)  Turns: 1068, Time: 00:01:42

Health: 29/29      AC:  9    Str: 13    XL:     3   Next: 0%
Magic:  5/5        EV:  9    Int: 13    God:    Lugonu [*.....]
Gold:   82         SH:  0    Dex: 12    Spells: 0 memorised, 2 levels left

rFire  . . .     SeeInvis .     a - +1 hand axe
rCold  . . .     Gourm    .     g - +0 scale mail
rNeg   . . .     Faith    .     (no shield)
rPois  .         Spirit   .     e - +0 helmet
rElec  .         Reflect  .     (no cloak)
rCorr  .         Harm     .     j - +0 pair of gloves
MR     .....                    l - +0 pair of boots
Stlth  ++........               (no amulet)
                                (no ring)
                                (no ring)

@: no status effects
A: nightstalker 2
a: Depart the Abyss, Renounce Religion


You were on level 1 of the Dungeon.
You worshipped Lugonu.
Lugonu was aware of your devotion.
You were hungry.

You visited 1 branch of the dungeon, and saw 1 of its levels.
You visited the Abyss 1 time.

You collected 82 gold pieces.

Inventory:

Hand Weapons
 a - a +1 hand axe (weapon)
Armour
 e - a +0 helmet (worn)
 g - a +0 scale mail (worn)
 j - a +0 pair of gloves (worn)
 l - a +0 pair of boots (worn)
Scrolls
 b - 2 scrolls of immolation {unknown}
 d - a scroll of enchant weapon {unknown}
 f - a scroll of remove curse {unknown}
 i - a scroll of teleportation {unknown}
 m - a scroll of recharging {unknown}
Potions
 h - a potion of agility {unknown}
 o - a potion of brilliance {unknown}
Comestibles
 c - a bread ration
 k - a meat ration
 n - a slice of pizza


   Skills:
 + Level 3.4 Fighting
 + Level 1.9 Axes
 * Level 2.2 Armour
 + Level 1.1 Dodging
 * Level 2.9 Invocations


You had 2 spell levels left.
You didn't know any spells.

Dungeon Overview and Level Annotations

Branches:
Dungeon (1/15)

Altars:


Innate Abilities, Weirdness & Mutations

You are significantly more attuned to the shadows.


Message History

The hobgoblin barely misses you.
You hit the hobgoblin.
You kill the hobgoblin!
Lugonu accepts your kill.
You have reached level 3!
Your experience leads to an increase in your attributes!
Increase (S)trength, (I)ntelligence, or (D)exterity?
You feel stronger.
Your demonic ancestry asserts itself...
You slip further into the darkness.
Things that are here:
a club; a hobgoblin corpse
Things that are here:
a club; a hobgoblin corpse
Found 24 arrows.
o - a blue potion You now have 72 gold pieces (gained 7).
You now have 82 gold pieces (gained 10).
You are feeling hungry.
Done exploring.
Are you sure you want to abandon this character and quit the game? (Confirm with "yes".)

....##### #####
........# #...#
....###.###.#.#
###.# #.....#.#
#.# #.#####.#
###.# #.# #.#
....###.# #.####
........# #....#
######..# ####@#
........########.#
##...............#
#..)..........#.#
##.....#######.#.#
.........#.....###
#####.##.#.#####
## #.##.#.#
.####.##.#.#


There were no monsters in sight!

Vanquished Creatures
  3 dart slugs (D:1)
  A leopard gecko (D:1)
  2 goblins (D:1)
  5 hobgoblins (D:1)
  2 ball pythons (D:1)
  3 bats (D:1)
  2 frilled lizards (D:1)
  2 kobolds (D:1)
  3 rats (D:1)
23 creatures vanquished.

Notes
Turn   | Place    | Note
-------+----------+-------------------------------------------
     0 | Abyss:1  | Gargoyl the Demonspawn Abyssal Knight began the quest for the Orb.
     0 | Abyss:1  | Reached XP level 1. HP: 18/18 MP: 2/2
     3 | Abyss:1  | Found a corrupted altar of Lugonu.
    52 | Abyss:2  | Noticed a small abomination
    60 | D:1      | Escaped the Abyss
   332 | D:1      | Gained mutation: You are slightly more attuned to the shadows. [demonic ancestry]
   332 | D:1      | Reached XP level 2. HP: 18/24 MP: 4/4
   451 | D:1      | Reached * piety under Lugonu
   675 | D:1      | Reached skill level 1 in Dodging
   907 | D:1      | Gained mutation: You are significantly more attuned to the shadows. [demonic ancestry]
   907 | D:1      | Reached XP level 3. HP: 29/29 MP: 5/5
  1068 | D:1      | Quit the game

Skill      XL: |  1  2 |
---------------+-------+-----
Armour         | 2 |  2.2
Dodging        | 1 |  1.1
Fighting       | |  3.4
Axes           | |  1.9
Invocations    | |  2.9

Action                   || total
-------------------------++-------
Melee: Hand axe          ||    67
Invok: Depart the Abyss  ||     1
Armor: Scale mail        ||    33
Dodge: Dodged            ||    54
